 Dungeon Crawl Stone Soup version 0.30-a0-377-g5cb311bc9f (webtiles) character file.

Game seed: 16635998966657581998

324 zishaf the Gusty (level 6, -2/37 HPs)
             Began as a Tengu Air Elementalist on Nov 30, 2022.
             Was an Initiate of Ashenzari.
             Slain by an ancient zyme (14 damage)
             ... created by the touch of Lugonu
             ... on level 4 of the Dungeon.
             The game lasted 00:06:55 (3652 turns).

zishaf the Gusty (Tengu Air Elementalist)           Turns: 3652, Time: 00:06:56

Health: -2/37      AC:  4    Str:  9    XL:     6   Next: 48%
Magic:  4/10       EV: 14    Int: 17    God:    Ashenzari [......]
Gold:   1151       SH:  0    Dex: 14    Spells: 6/9 levels left

rFire   . . .      SeeInvis .    g - +0 dagger (elec)
rCold   . . .      Faith    .    (no shield)
rNeg    . . .      Spirit   .    a - +0 robe
rPois   .          Reflect  .    (helmet restricted)
rElec   .          Harm     .    (no cloak)
rCorr   .          Rampage  .    p - +1 pair of gloves
Will    .....                    (boots unavailable)
Stlth   ++........               r - amulet of the acrobat
HPRegen 0.26/turn                (no ring)
MPRegen 0.12/turn                (no ring)

@: flying quickly and evasively, quick
A: beak, talons 3, nimble flight
a: Renounce Religion


You were on level 4 of the Dungeon.
You worshipped Ashenzari.
Ashenzari was noncommittal.
You visited 2 branches of the dungeon, and saw 5 of its levels.

You collected 1248 gold pieces.
You spent 97 gold pieces at shops.

Inventory:

Hand Weapons
 g - a +0 dagger of electrocution (weapon)
Armour
 a - a +0 robe (worn)
 p - a +1 pair of gloves (worn)
Jewellery
 r - an amulet of the acrobat (around neck)
Wands
 u - a wand of paralysis (5)
 y - a wand of polymorph (1)
Scrolls
 l - a scroll of blinking
 n - a scroll of fear
 q - a scroll of magic mapping
 v - 2 scrolls of teleportation
Potions
 b - a potion of magic
 c - a potion of might {unknown}
 f - a potion of flight {unknown}
 i - a potion of curing {unknown}
 j - a potion of attraction {unknown}
 o - a potion of mutation {unknown}
 s - 2 potions of ambrosia
 w - a potion of lignification {unknown}


   Skills:
 + Level 3.0 Fighting
 - Level 2.1 Dodging
 - Level 2.0 Stealth
 - Level 2.0 Spellcasting
 + Level 4.5 Conjurations
 + Level 5.9 Air Magic
 + Level 2.2 Evocations


You had 6 spell levels left.
You knew the following spells:

 Your Spells              Type           Power      Damage    Failure   Level
a - Shock                 Conj/Air       76%        1d7       2%          1
A - Static Discharge      Conj/Air       38%        2-4/arc   3%          2

Your spell library contained the following spells:

 Spells                   Type           Power      Damage    Failure   Level
 Swiftness                Air            22%        N/A       4%          3
 Airstrike                Air            11%        2d(2-18)  17%         4
 Kindle Blastsparks       Fire/Tloc/Air  16%        2d11      26%         3
 Ignite Poison            Fire/Tmut/Pois 1%         N/A       50%         3
 Freezing Cloud           Conj/Ice/Air   6%         6-21      77%         5


Dungeon Overview and Level Annotations

Branches:
Dungeon (4/15)             Temple (1/1) D:4

Altars:
Ashenzari
Cheibriados
Dithmenos
Elyvilon
Fedhas
Gozag
Hepliaklqana
Kikubaaqudgha
Nemelex Xobeh
Okawaru
Qazlal
Sif Muna
Trog
Uskayaw
Vehumet
Yredelemnul
Lugonu

Shops:
D:1 ?


Innate Abilities, Weirdness & Mutations

You have a beak for a mouth.
You have claws for feet.
Your magical nature lets you fly swiftly and evasively.


Message History

The divine experience drains your vigour!
You feel yourself slow down.
A small abomination and an ancient zyme come into view.
You fly downwards.
You feel yourself speed up.
There is a stone staircase leading up here.
You see here 4 scrolls of vulnerability.
Press: ? - help, v - describe, . - travel
Here: an ancient zyme (durably summoned)
The floor.
Casting: Shock (safe; 2% risk of failure)
Confirm with . or Enter, or press ? or * to list all spells.
The ancient zyme is struck by an arc of lightning.
The ancient zyme is lightly damaged.
You are struck by an arc of lightning.
The ancient zyme is struck by an arc of lightning.
The ancient zyme is lightly damaged.
You are struck by an arc of lightning.
The lightning grounds out.
The ancient zyme hits you. x2
You feel yourself growing ill in the presence of the ancient zyme.
Casting: Static Discharge (safe; 3% risk of failure)
Confirm with . or Enter, or press ? or * to list all spells.
The ancient zyme is struck by an arc of lightning.
The ancient zyme is lightly damaged.
You are struck by an arc of lightning.
The ancient zyme is struck by an arc of lightning.
The ancient zyme is moderately damaged.
The lightning grounds out.
The ancient zyme hits you. The ancient zyme closely misses you.
Casting: Static Discharge (safe; 3% risk of failure)
Confirm with . or Enter, or press ? or * to list all spells.
The ancient zyme is struck by an arc of lightning.
The ancient zyme is moderately damaged.
You are struck by an arc of lightning.
The ancient zyme is struck by an arc of lightning.
The ancient zyme is heavily damaged.
You are struck by an arc of lightning.
* * * LOW HITPOINT WARNING * * *
The lightning grounds out.
The ancient zyme hits you!
You die...

,,,,,,,,,,,* **********,* ,,,,*
*,* ***,* *,* * *,* *,* * *,*
***,********************* * *,*
*...,,,,,,,,,,,,,,,,,,,,*
***,****...#############******,**
*,,<,,,,....^).#@.......*,,,,,,,,
*,*,,,,,,,...#.#x.......,,,,,,,,,
*,*,,,,,..##.#.)........*,***,,,,
,,,,,,,,.....)..........,,,,,,>,,
*,,,,,,,..##$#...#.#####.****,,,,
*,,,,,,,,,,#.#.....#.....,,**,,,,
*,********,#............,,.#**,**
*,*,,,,,,,,#.###.....###,..#**,**
*,*,*#######.#~~~~~~~~~#...#,,,,,


You could see an ancient zyme.

Vanquished Creatures
  A phantom (D:4)
  Natasha (thrice) (D:3)
  2 orc wizards (D:3)
  7 gnolls
  A dart slug (D:2)
  4 orcs (D:3)
  3 ball pythons
  4 bats
  2 endoplasms
  A giant cockroach (D:3)
  8 goblins
  6 hobgoblins
  2 jackals (Temple)
  3 kobolds
  4 quokkas
  6 frilled lizards
  5 rats
62 creatures vanquished.

Vanquished Creatures (others)
  3 plants
3 creatures vanquished.

Grand Total: 65 creatures vanquished

Notes
Turn   | Place    | Note
-------+----------+-------------------------------------------
     0 | D:1      | zishaf the Tengu Air Elementalist began the quest for the
                  | Orb.
     0 | D:1      | Reached XP level 1. HP: 10/10 MP: 4/4
    67 | D:1      | Found a faded altar of an unknown god.
    78 | D:1      | Prayed at the altar of an unknown god.
    78 | D:1      | Became a worshipper of Lugonu the Unformed
    78 | D:1      | Reached * piety under Lugonu
    78 | D:1      | Reached ** piety under Lugonu
   107 | D:1      | You fall into a shaft and drop 1 floor!
   124 | D:2      | Found a stormy altar of Qazlal.
   299 | D:1      | Reached XP level 2. HP: 16/16 MP: 4/6
   435 | D:1      | Found Idosiv's Magic Scroll Boutique.
   524 | D:1      | Reached skill level 1 in Fighting
  1186 | D:2      | Reached XP level 3. HP: 20/20 MP: 4/7
  1224 | D:2      | Learned a level 2 spell: Static Discharge
  1514 | D:1      | Bought a scroll of blinking for 97 gold pieces
  2082 | D:3      | Noticed Natasha
  2086 | D:3      | Killed Natasha
  2087 | D:3      | Reached skill level 5 in Air Magic
  2087 | D:3      | Reached XP level 4. HP: 26/26 MP: 3/8
  2316 | D:3      | Reached skill level 1 in Evocations
  2316 | D:3      | Gained mutation: Your magical nature lets you fly swiftly
                  | and evasively. [Tengu growth]
  2316 | D:3      | Reached XP level 5. HP: 28/30 MP: 1/9
  2605 | D:3      | Reached *** piety under Lugonu
  2691 | D:3      | Noticed Natasha
  2703 | D:3      | Killed Natasha
  3027 | D:3      | Noticed Natasha
  3030 | D:3      | Killed Natasha
  3108 | D:4      | Identified a scroll of acquirement
  3108 | D:4      | Acquired 1052 gold pieces
  3216 | D:4      | Found a staircase to the Ecumenical Temple.
  3216 | D:4      | Noticed a phantom
  3225 | Temple   | Entered the Ecumenical Temple
  3467 | Temple   | Fell from the grace of Lugonu
  3467 | Temple   | Became a worshipper of Ashenzari the Shackled
  3486 | D:4      | Killed a phantom
  3487 | D:4      | Reached XP level 6. HP: 18/37 MP: 3/10
  3648 | D:3      | Noticed a small abomination
  3648 | D:3      | Noticed an ancient zyme
  3652 | D:4      | Slain by an ancient zyme

Illustrated notes

Levels and vault maps discovered:
D:1:      lightli_arrival_lavapool, layout_basic, serial_glass, glass_columns_a,
          glass_columns_b, feat_on_display, feat_on_display, serial_shops, shop,
          shapermc_ecumenical_altar_acropolis
D:2:      layout_basic, basic_altar, serial_bayou, serial_bayou_ford_a,
          serial_bayou_pond_e, serial_bayou_pond_e, serial_bayou_pond_d,
          serial_bayou_lagoon_a, serial_bayou_crossing
D:3:      layout_basic, uniq_natasha
D:4:      layout_basic, minmay_temple_entry_water_ring,
          kennysheep_generic_room_15
Temple:   nicolae_temple_elliptical

Skill      XL: |  1  2  3  4  5 |
---------------+----------------+-----
Conjurations   | 2 3 4 |  4.5
Fighting       | 1 2 3 |  3.0
Air Magic      | 5 |  5.9
Evocations     | 1 2 |  2.2
Dodging        | |  2.1
Stealth        | |  2.0
Spellcasting   | |  2.0

Action                   |  1- 3 |  4- 6 || total
-------------------------+-------+-------++-------
Melee: Unarmed           |     1 |       ||     1
       Dagger            |     4 |    11 ||    15
       Kick              |       |     4 ||     4
       Peck              |       |     3 ||     3
 Cast: Shock             |    69 |    46 ||   115
       Static Discharge  |       |     9 ||     9
  Use: Scroll            |       |    10 ||    10
Armor: Robe              |     1 |     5 ||     6
Dodge: Dodged            |     4 |    27 ||    31

Table legend: (Time is in decaauts)
 A = Elapsed time spent in this place.
 B = Non-inter-level travel time spent in this place.
 C = Inter-level travel time spent in this place.
 D = Time resting spent in this place.
 E = Time spent auto-exploring this place.
 F = Levels seen in this place.
 G = Mean time per level.
                   A        B        C        D        E       F      G
               +--------+--------+--------+--------+--------+-----+--------+
         Total |   3607 |   3416 |    191 |    292 |   2725 |   5 |  721.4 |
       Dungeon |   3376 |   3222 |    154 |    292 |   2551 |   4 |  844.0 |
        Temple |    230 |    193 |     37 |      0 |    173 |   1 |  230.0 |
               +--------+--------+--------+--------+--------+-----+--------+

Top non-repeatable levels by time:
     D:3: 1292 daAuts
     D:1: 987 daAuts
     D:2: 913 daAuts
  Temple: 230 daAuts
     D:4: 183 daAuts
